 Dungeon Crawl Stone Soup version 0.31-a0-319-g4fced400ed (webtiles) character file.

Game seed: 9580036386545736408

148 mopl the Changeling (level 5, -3/35 HPs)
             Began as an Octopode Shapeshifter on July 17, 2023.
             Slain by a gnoll
             ... wielding a +0 halberd
              (13 damage)
             ... on level 3 of the Dungeon.
             The game lasted 00:01:56 (1965 turns).

mopl the Changeling (Octopode Shapeshifter)         Turns: 1965, Time: 00:01:57

Health: -3/35      AC:  1    Str: 14    XL:     5   Next: 30%
Magic:  5/5        EV: 11    Int: 10    God:
Gold:   121        SH:  7    Dex: 15    Spells: 4/4 levels left

rFire   . .          .
                       - Unarmed
rCold   . . .        c - +0 kite shield
rNeg    . . .        (helmet currently unavailable)
rPois   .            (no amulet)
rElec   .            (no ring)
rCorr   .            (no ring)
SInv    .            (no ring)
Will    .....        (no ring)
Stlth   ++           (no ring)
HPRegen 0.25/turn    (no ring)
MPRegen 0.09/turn    (no ring)
                     (no ring)

%: no passive effects
@: beast-form, weakened
A: beast (slay +2), almost no armour, amphibious, 8 rings, camouflage 1,
gelatinous body 1, (nimble swimmer 1), tentacles
a: Begin Untransformation


You were on level 3 of the Dungeon.
You were a hulking beast.
You visited 1 branch of the dungeon, and saw 3 of its levels.

You collected 121 gold pieces.

Inventory:

Missiles
 g - 2 throwing nets
 m - 3 boomerangs
Armour
 c - a +0 kite shield (worn)
Talismans
 b - a beast talisman
Wands
 l - a wand of roots (10)
Scrolls
 d - a scroll of enchant armour {unknown}
 e - a scroll of noise {unknown}
 j - a scroll of silence {unknown}
 k - a scroll of revelation {unknown}
Potions
 a - 3 potions of lignification {!q}
 f - a potion of might {unknown}
 h - a potion of resistance {unknown}
 i - a potion of curing {unknown}


   Skills:
 + Level 2.7 Fighting
 + Level 2.6 Dodging
 * Level 3.4 Unarmed Combat
 * Level 3.9 Shapeshifting


You had 4 spell levels left.
You didn't know any spells.
Your spell library was empty.

Dungeon Overview and Level Annotations

Branches:
Dungeon (3/15)

Altars:
Vehumet


Innate Abilities, Weirdness & Mutations

You are a hulking beast.
Your limbs bulge with bestial killing power. (Slay +2)
You cannot wear most types of armour.
You are amphibious.
You can wear up to eight rings at the same time.
Your skin changes colour to match your surroundings (Stealth+).
Your rubbery body absorbs attacks. (AC +1, EV +1)
((You are camouflaged when in or above water. (Stealth+)))
You have tentacles for arms and can constrict up to eight enemies at once.


Message History

You open the huge gate.
There is a huge open gate here.
You open the large door.
A gnoll comes into view. It is wielding a +0 club.
Found 7 gold pieces.
A gnoll is nearby!
The gnoll shouts!
You hear a shout!
A gnoll comes into view. It is wielding a +0 halberd.
A gnoll bouda comes into view. It is wielding a +0 whip.
The gnoll shouts!
There is a large open door here.
The gnoll bouda barks out a call to the hunt!
The gnolls pick up the pace!
You block the gnoll's attack. The gnoll bouda closely misses you.
You tentacle-slap the gnoll bouda but do no damage.
You grab the gnoll bouda. You constrict the gnoll bouda.
The gnoll hits you from afar with a +0 halberd.
The gnoll bouda closely misses you.
You tentacle-slap the gnoll bouda.
The gnoll bouda is heavily wounded.
You constrict the gnoll bouda, but do no damage.
The gnoll hits you from afar with a +0 halberd!
The gnoll bouda misses you.
You are too injured to fight recklessly!
You tentacle-slap the gnoll bouda.
The gnoll bouda is heavily wounded.
You constrict the gnoll bouda. You block the gnoll's attack.
The gnoll bouda gazes fiercely through you!
You feel your attacks grow feeble. The gnoll bouda misses you.
You barely miss the gnoll bouda. You tentacle-slap the gnoll bouda.
The gnoll bouda is severely wounded.
You constrict the gnoll bouda. You block the gnoll's attack.
The gnoll bouda hits you with a +0 whip!
* * * LOW HITPOINT WARNING * * *
You tentacle-slap the gnoll bouda but do no damage.
The gnoll bouda is almost dead.
You constrict the gnoll bouda.
The gnoll hits you from afar with a +0 halberd!
You die...

############# #8..8#......#
+....'$.8# .##++
+....'..8#g.....
#....#..hgg.....
#....#########++ #....#
#....# #....# #≈≈P
#####''''############# #≈~.
......................# #≈~.
~~~~~....~~≈~~~~~~~~~#####≈~.
≈≈~~~....~≈≈≈≈≈≈≈≈≈≈~≈≈≈≈≈≈~.


You could see a gnoll bouda and 2 gnolls.

Vanquished Creatures
  5 gnolls (D:3)
  4 adders
  A dart slug (D:2)
  An orc (D:3)
  4 ball pythons
  7 bats
  3 endoplasms
  4 giant cockroaches
  4 hobgoblins
  4 jackals (D:3)
  6 kobolds
  2 quokkas
  2 frilled lizards
  5 goblins
  10 rats
  A spectral goblin (D:3)
63 creatures vanquished.

Notes
Turn   | Place    | Note
-------+----------+-------------------------------------------
     0 | D:1      | mopl the Octopode Shapeshifter began the quest for the Orb.
     0 | D:1      | Reached XP level 1. HP: 14/14 MP: 1/1
   117 | D:1      | Reached XP level 2. HP: 19/19 MP: 2/2
   653 | D:2      | Reached XP level 3. HP: 24/24 MP: 3/3
  1504 | D:3      | Reached XP level 4. HP: 27/30 MP: 4/4
  1517 | D:3      | Found a faded altar of an unknown god.
  1595 | D:3      | Found a radiant altar of Vehumet.
  1628 | D:3      | Reached skill level 3 in Unarmed Combat
  1790 | D:3      | Reached XP level 5. HP: 32/35 MP: 5/5
  1965 | D:3      | Slain by a gnoll

Illustrated notes

Levels and vault maps discovered:
D:1:      minmay_arrival_stair_chambers, layout_basic
D:2:      layout_loops_ring, serial_forest, infiniplex_forest_corner_1,
          infiniplex_forest_straight_3, infiniplex_forest_zigzag_1,
          infiniplex_forest_lined_4_way, infiniplex_forest_clump_medium,
          infiniplex_forest_clump_medium, infiniplex_forest_clump_medium,
          infiniplex_forest_corner_1, infiniplex_forest_straight_4
D:3:      lemuel_castle_with_subvaults [lemuel_castle_interior_carwin_2],
          layout_rooms, nicolae_vehumet_altar_sigil,
          dreamdust_ecumenical_altar_drowned_temple

Skill      XL: |  1  2  3  4 |
---------------+-------------+-----
Unarmed Combat | 3 |  3.4
Fighting       | |  2.7
Dodging        | |  2.6
Shapeshifting  | |  3.9

Action                     |  1- 3 |  4- 6 || total
---------------------------+-------+-------++-------
  Melee: Unarmed           |    65 |    47 ||   112
         Constrict         |    17 |    20 ||    37
         Tentacles         |    11 |    18 ||    29
         Punch             |     2 |     2 ||     4
   Stab: Sleeping          |    10 |     3 ||    13
 Armour: Skin              |     4 |     1 ||     5
  Dodge: Dodged            |    27 |    29 ||    56
  Block: Kite shield       |    16 |    16 ||    32

Table legend: (Time is in decaauts)
 A = Elapsed time spent in this place.
 B = Non-inter-level travel time spent in this place.
 C = Inter-level travel time spent in this place.
 D = Time resting spent in this place.
 E = Time spent auto-exploring this place.
 F = Levels seen in this place.
 G = Mean time per level.
                   A        B        C        D        E       F      G
               +--------+--------+--------+--------+--------+-----+--------+
         Total |   1981 |   1894 |     87 |     61 |   1445 |   3 |  660.3 |
       Dungeon |   1981 |   1894 |     87 |     61 |   1445 |   3 |  660.3 |
               +--------+--------+--------+--------+--------+-----+--------+

Top non-repeatable levels by time:
     D:2: 1071 daAuts
     D:1: 488 daAuts
     D:3: 421 daAuts
